 Dungeon Crawl Stone Soup version 0.29.0-15-g675c0067aa (webtiles) character file.

Game seed: 12634640947272687436

0 qw the Sneak (level 1, -2/14 HPs)
             Began as a Gargoyle Delver on Sept 11, 2022.
             Slain by a gnoll
             ... wielding a +0 spear
              (9 damage)
             ... on level 4 of the Dungeon.
             The game lasted 00:00:00 (19 turns).

qw the Sneak (Gargoyle Delver)                        Turns: 19, Time: 00:00:01

Health: -2/14      AC:  5    Str: 15    XL:     1   Next: 0%
Magic:  1/1        EV: 11    Int: 10    God:
Gold:   0          SH:  0    Dex: 11    Spells: 0/0 levels left

rFire   . . .      SeeInvis .   a - +0 hand axe
rCold   . . .      Faith    .   (no shield)
rNeg    + . .      Spirit   .   b - +0 leather armour
rPois   inf        Reflect  .   (no helmet)
rElec   +          Harm     .   (no cloak)
rCorr   .          Rampage  .   (no gloves)
Will    .....                   (no boots)
Stlth   +++.......              (no amulet)
HPRegen 0.04/turn               (no ring)
MPRegen 0.07/turn               (no ring)

@: no status effects
A: sickness immunity, AC +2, negative energy resistance 1, electricity
resistance, torment resistance 1, petrification resistance
a: no special abilities


You were on level 4 of the Dungeon.
You visited 1 branch of the dungeon, and saw 2 of its levels.


Innate Abilities, Weirdness & Mutations

You are immune to sickness and miasma.
Your stone body is resilient. (AC +2)
You are immune to poison.
You resist negative energy. (rN+)
You are resistant to electric shocks. (rElec)
You are resistant to unholy torment.
You are immune to petrification.


   Skills:
 - Level 3.2 Fighting
 + Level 1.7 Axes
 - Level 1.5 Dodging
 - Level 5.4 Stealth


You couldn't memorise any spells.
You didn't know any spells.
Your spell library was empty.

Inventory:

Hand Weapons
 a - a +0 hand axe (weapon)
Armour
 b - a +0 leather armour (worn)
Wands
 g - a wand of digging (3)
Potions
 f - a potion of haste

Dungeon Overview and Level Annotations

Branches:
Dungeon (5/15)
 Temple: D:4-7

Altars:


Message History

Existing waypoints: (2) D:5 Assign waypoint to what number? (0-9, D - delete waypoint) Waypoint 1 assigned to D:4.
Enter note: The hound barks!
You hear a shout!
You barely miss the orc. The orc hits you with a +0 dagger.
A gnoll comes into view. It is wielding a +0 spear.
You barely miss the orc. The orc barely misses you.
You miss the hound. You closely miss the orc. x2
The hound misses you.
A quokka comes into view.
The orc completely misses you. The orc hits you with a +0 whip.
A gnoll comes into view. It is wielding a +0 spear.
The hound barely misses you.
The gnoll shouts!
You hit the hound.
The hound is moderately wounded.
You hit the orc but do no damage. You closely miss the orc.
You hear a shout! x2
The hound bites you but does no damage. The orc hits you with a +0 dagger.
The orc barely misses you. The hound closely misses you.
You miss the hound.
The hound is moderately wounded.
You barely miss the orc. You hit the orc. The orc hits you but does no damage.
The orc hits you with a +0 whip. The hound closely misses you.
The orc barely misses you. The orc misses you.
An orc comes into view. It is wielding a +0 hand axe.
The hound barely misses you.
The orc shouts!
You hit the orc.
You kill the orc!
You hit the hound but do no damage. You hit the orc but do no damage.
A quokka comes into view.
The hound misses you. The orc barely misses you.
The gnoll hits you from afar with a +0 spear!
Ouch! That really hurt!
You die...

......#..
......#.. ##.
........## #...
.........##....
##.............
#........r.....
.........g.g...
#....@h#
#....o)#
...........
....#.......#
... ......!...
.. #.#...##....
. ....... .#..
#r#o#... #..


You could see a hound, 2 gnolls, 2 orcs and 2 quokkas.

Vanquished Creatures
  An orc (D:4)
1 creature vanquished.

Notes
Turn   | Place    | Note
-------+----------+-------------------------------------------
     0 | D:5      | qw the Gargoyle Delver began the quest for the Orb.
     0 | D:5      | Reached XP level 1. HP: 14/14 MP: 1/1
     0 | D:5      | 0 ||| qw: Version: 0.1-a-117-gfe26ee0
     0 | D:5      | 0 ||| qw: Game counter: 9986
     0 | D:5      | 0 ||| qw: Always use a shield: true
     0 | D:5      | 0 ||| qw: God list: Okawaru
     0 | D:5      | 0 ||| qw: Allow faded altars: false
     0 | D:5      | 0 ||| qw: Do Orc after D:15 true
     0 | D:5      | 0 ||| qw: Do second Lair branch before Depths: true
     0 | D:5      | 0 ||| qw: Lair rune preference: random
     0 | D:5      | 0 ||| qw: Plans: Normal
     0 | D:5      | 0 ||| PLANNING D:1-11
     0 | D:5      | 0 ||| DROPPING scroll of fog.
     1 | D:5      | 1 ||| DROPPING scroll of magic mapping.
     2 | D:5      | 2 ||| DROPPING scroll of fear.
    11 | D:4      | Noticed a hound
    19 | D:4      | Slain by a gnoll

Levels and vault maps discovered:
D:4:      layout_cave_pools, minmay_temple_entry_sparse_star, uniq_menkaure
D:5:      layout_cave_pools, nicolae_elyvilon_peaceful_grove, serial_shops,
          nicolae_shop_bloodbath_and_beyond

Action                   || total
-------------------------++-------
Melee: Hand axe          ||     6
Armor: Leather armour    ||     2
Dodge: Dodged            ||    12

Table legend:
 A = Non-vault XP
 B = Vault XP
 C = Vault XP percentage of total XP
 D = Non-vault monster count
 E = Vault monster count
 F = Vault count percentage of total count
                 A         B        C        D         E       F
            +---------+---------+-------+---------+---------+-------
      Total |       3 |       0 |   0.0 |       1 |       0 |   0.0
            +---------+---------+-------+---------+---------+-------
        D:4 |       3 |       0 |   0.0 |       1 |       0 |   0.0
            +---------+---------+-------+---------+---------+-------
